[Event "ETCC Open 2023"]
[Site "Budva"]
[Date "2023.11.14"]
[Round "4.43"]
[White "Stefansson, Vignir Vatnar"]
[Black "Kozak, Adam"]
[Result "1/2-1/2"]
[ECO "E32"]
[WhiteElo "2483"]
[BlackElo "2578"]
[Annotator "ChessBase"]
[PlyCount "83"]
[EventDate "2023.11.10"]
[EventType "team-tourn"]
[EventCountry "MNE"]
[SourceTitle "playchess.com"]
[Source "ChessBase"]
[SourceQuality "1"]
[WhiteTeam "Iceland"]
[BlackTeam "Hungary"]
[WhiteTeamCountry "ISL"]
[BlackTeamCountry "HUN"]
[TimeControl "40/5400+30:1800+30"]

1. d4 Nf6 2. c4 e6 3. Nc3 Bb4 4. Qc2 b6 5. e4 c5 6. d5 Qe7 7. Nge2 d6 8. a3 Bxc3+ 9. Nxc3 O-O 10. Be2 Nbd7 11. h3 Re8 12. Bf4 Nf8 13. Be3 Bd7 14. O-O-O e5 15. g3 a6 16. a4 Reb8 17. b3 Ne8 18. f4 Nc7 19. fxe5 Qxe5 20. Bf4 Qf6 21. e5 dxe5 22. Ne4 Qf5 23. Bg4 Qg6 24. Bxe5 Re8 25. Nf6+ gxf6 26. Bxc7 Rac8 27. Bxd7 Nxd7 28. Bf4 Re4 29. Rhe1 f5 30. Rxe4 fxe4 31. Re1 Re8 32. Qc3 Qf5 33. h4 a5 34. Qe3 h5 35. Re2 Qf6 36. Kb1 Qg6 37. Bc7 f5 38. Qc3 Qg7 39. Qxg7+ Kxg7 40. Kc2 Kf6 41. Kd2 Rg8 42. Bf4 1/2-1/2

[Event "ETCC Open 2023"]
[Site "Budva"]
[Date "2023.11.14"]
[Round "4.44"]
[White "Balog, Imre"]
[Black "Kjartansson, Gudmundur"]
[Result "1/2-1/2"]
[ECO "D02"]
[WhiteElo "2617"]
[BlackElo "2449"]
[Annotator "ChessBase"]
[PlyCount "188"]
[EventDate "2023.11.10"]
[EventType "team-tourn"]
[EventCountry "MNE"]
[SourceTitle "playchess.com"]
[Source "ChessBase"]
[SourceQuality "1"]
[WhiteTeam "Hungary"]
[BlackTeam "Iceland"]
[WhiteTeamCountry "HUN"]
[BlackTeamCountry "ISL"]
[TimeControl "40/5400+30:1800+30"]

1. d4 Nf6 2. Nf3 d5 3. Bf4 e6 4. e3 Bd6 5. c3 O-O 6. Bg3 c5 7. Nbd2 Qc7 8. dxc5 Qxc5 9. Bd3 Nbd7 10. Qe2 e5 11. e4 dxe4 12. Bxe4 Bc7 13. Bc2 a5 14. O-O Re8 15. Rfe1 h6 16. Rad1 Ra6 17. Qc4 Rc6 18. Qxc5 Rxc5 19. h3 g6 20. a4 b6 21. Bd3 Bb7 22. Bb5 Re7 23. Nc4 Bxf3 24. gxf3 Kf8 25. Re2 Rd5 26. Rxd5 Nxd5 27. Bxd7 Rxd7 28. Nxe5 Bxe5 29. Bxe5 f6 30. Bd4 Kf7 31. h4 h5 32. Re1 Rd6 33. Kh2 Nf4 34. Rb1 Nd3 35. Kg3 Ke6 36. Be3 Nc5 37. Ra1 Nd3 38. b3 Rc6 39. Bd4 Kf5 40. Ra2 g5 41. hxg5 fxg5 42. Re2 h4+ 43. Kh2 Nc5 44. Bxc5 bxc5 45. Re4 Rb6 46. Rc4 Rxb3 47. Kg2 Ra3 48. Rxc5+ Kf4 49. Rxa5 Rxc3 50. Ra8 Ra3 51. a5 Kf5 52. Ra6 Ra2 53. Ra7 Ra3 54. Ra8 Kf6 55. Rf8+ Kg6 56. Rg8+ Kf6 57. Ra8 Kf5 58. a6 Kg6 59. Kg1 Kg7 60. Ra7+ Kg6 61. Kg2 Kf6 62. Ra8 Kg6 63. Kh2 Kg7 64. a7 Kh7 65. Kg1 Kg7 66. Kg2 Kh7 67. f4 gxf4 68. Rf8 h3+ 69. Kh2 Rxa7 70. Kxh3 Kg6 71. Kg4 Ra2 72. Rxf4 Rc2 73. Rf8 Kg7 74. Rf4 Kg6 75. Kg3 Rc3+ 76. f3 Kg5 77. Rg4+ Kf5 78. Ra4 Rc5 79. Ra8 Rb5 80. Rh8 Kg5 81. Re8 Kf5 82. Ra8 Kg5 83. Rf8 Ra5 84. Rh8 Rb5 85. f4+ Kg6 86. Kg4 Kf6 87. Rh6+ Kg7 88. Rd6 Kf7 89. Rc6 Ra5 90. Rb6 Rc5 91. f5 Rc1 92. Rb7+ Kf6 93. Rb6+ Kf7 94. Rb7+ Kf6 1/2-1/2

[Event "ETCC Open 2023"]
[Site "Budva"]
[Date "2023.11.14"]
[Round "4.45"]
[White "Paichadze, Luka"]
[Black "Navara, David"]
[Result "0-1"]
[ECO "B53"]
[WhiteElo "2501"]
[BlackElo "2695"]
[Annotator "TA"]
[PlyCount "86"]
[EventDate "2023.11.10"]
[EventType "team-tourn"]
[EventCountry "MNE"]
[SourceTitle "playchess.com"]
[Source "ChessBase"]
[SourceQuality "1"]
[WhiteTeam "Georgia"]
[BlackTeam "Czech Republic"]
[WhiteTeamCountry "GEO"]
[BlackTeamCountry "CZE"]
[TimeControl "40/5400+30:1800+30"]

1. e4 c5 2. Nf3 d6 3. d4 cxd4 4. Qxd4 Nf6 5. Bg5 Nc6 6. Bb5 Bd7 7. Qd3 e6 8. Nc3 a6 9. Bxc6 Bxc6 10. Nd4 Be7 11. O-O-O Rc8 12. f4 O-O 13. h4 {[%emt 0:11:10] is the legacy move (13.Kb1). B53: Sicilian: 2...d6: Lines with Qxd4.} b5 14. e5 dxe5 15. Nxc6 {[%emt 0:01:55] The position is equal.} Rxc6 16. fxe5 Nd5 {[%emt 0:01:45] [#]} 17. Nxd5 $146 ({Predecessor:} 17. Qg3 Nxc3 18. bxc3 Qc7 19. Bxe7 Qxe7 20. Rd6 Qc7 21. Rxc6 Qxc6 22. h5 h6 23. Rh4 {½-½ Saric,K (2173)-Cvitkovic,F (2113) Zadar op-B 2014 (9)}) 17... exd5 18. Kb1 ({Of course not} 18. Qxd5 Bxg5+ 19. hxg5 Qxg5+ 20. Kb1 Re6 $15) 18... h6 19. Bf4 (19. Qxd5 $2 {too greedy.} Qxd5 20. Rxd5 hxg5 $19) 19... Bxh4 20. Qf3 Be7 21. Rxd5 Qc8 22. Rd2 b4 (22... Rc4 {seems wilder.} 23. Rhd1 Qf5 24. Bh2 Qg6) 23. g4 Rg6 (23... a5 {keeps more tension.} 24. Rd4 Rxc2 25. g5 Rc4) 24. Rg2 {[%emt 0:01:34] [#]} (24. Rg1 $1 $15) 24... Qa8 ({Black should try} 24... Rd8 $1 $17) 25. Qxa8 $15 Rxa8 {[%emt 0:00:09][%cal Bf8a8,Ba8c8,Bc8c5][%mdl 32] White is now going downhill.} 26. Bd2 Rc8 27. b3 {[%emt 0:01:24] Inhibits Rc4.} a5 28. Rh5 ({Better is} 28. Re1 $15) 28... Rc5 $17 29. Rf5 f6 30. Bf4 Bd8 31. Rd2 {[%emt 0:01:15] [#]} (31. a4 $17 {was worth a try.}) 31... Bc7 $1 $19 32. e6 $2 (32. c4 {is more resistant.} bxc3 33. Rg2) 32... Rxf5 {[%emt 0:00:27] Black is clearly winning.} 33. gxf5 {[%emt 0:00:38][%mdl 4096] Endgame KRB-KRB} (33. Bxc7 $142 Rxg4 34. Bxa5) 33... Rg1+ (33... Bxf4 $2 34. Rd8+ Kh7 35. fxg6+ Kxg6 36. e7 $18) 34. Kb2 Bxf4 {[%emt 0:00:10] KRB-KR} 35. Rd8+ Kh7 36. c4 bxc3+ 37. Kxc3 Re1 38. b4 axb4+ 39. Kxb4 h5 40. a4 h4 {[%emt 0:00:29] aiming for ...h3.} 41. Rd4 Bg3 {[%emt 0:00:50] Threatens to win with ...h3.} 42. Rg4 g5 {[%emt 0:01:07] ( -> ...Bd6+)} 43. Kb5 Bf4 {[%emt 0:00:43] Weighted Error Value: White=0.84/Black=0.03 (flawless)} 0-1

[Event "ETCC Open 2023"]
[Site "Budva"]
[Date "2023.11.14"]
[Round "4.46"]
[White "Nguyen, Thai Dai Van"]
[Black "Mchedlishvili, Mikheil"]
[Result "1-0"]
[ECO "A13"]
[WhiteElo "2624"]
[BlackElo "2564"]
[Annotator "ChessBase"]
[PlyCount "105"]
[EventDate "2023.11.10"]
[EventType "team-tourn"]
[EventCountry "MNE"]
[SourceTitle "playchess.com"]
[Source "ChessBase"]
[SourceQuality "1"]
[WhiteTeam "Czech Republic"]
[BlackTeam "Georgia"]
[WhiteTeamCountry "CZE"]
[BlackTeamCountry "GEO"]
[TimeControl "40/5400+30:1800+30"]

1. c4 e6 2. g3 d5 3. Bg2 d4 4. Nf3 Nc6 5. O-O Bc5 6. d3 Nf6 7. Nbd2 O-O 8. Nb3 Be7 9. h3 e5 10. e3 a5 11. exd4 exd4 12. a4 h6 13. Re1 Be6 14. Bf4 Bb4 15. Re2 Qc8 16. Kh2 Rd8 17. Ne5 Ne7 18. Bd2 c5 19. Bxb4 axb4 20. a5 Qc7 21. Qd2 Rd6 22. Rae1 Ra7 23. Qf4 b6 24. axb6 Rxb6 25. g4 Nh7 26. Qg3 g5 27. f4 gxf4 28. Qxf4 f6 29. Qg3 Nf8 30. Nf3 Neg6 31. Qxc7 Rxc7 32. Kg3 Ra6 33. h4 Kf7 34. Rf1 Kg7 35. Rfe1 Kf7 36. Rf1 Kg7 37. h5 Ne7 38. Rfe1 Kf7 39. Bh3 Nc8 40. Nh4 Ne7 41. Nf5 Bxf5 42. gxf5 Raa7 43. Kf4 Nh7 44. Bg2 Ng5 45. Bd5+ Kf8 46. Nd2 Ra2 47. Ne4 Nxd5+ 48. cxd5 Nxe4 49. Kxe4 Ke7 50. Kf4+ Kd6 51. Re6+ Kd7 52. Rxf6 Rxb2 53. d6 1-0

[Event "ETCC Open 2023"]
[Site "Budva"]
[Date "2023.11.14"]
[Round "4.47"]
[White "Jobava, Baadur"]
[Black "Zilka, Stepan"]
[Result "1-0"]
[ECO "D00"]
[WhiteElo "2568"]
[BlackElo "2609"]
[Annotator "TA"]
[PlyCount "95"]
[EventDate "2023.11.10"]
[EventType "team-tourn"]
[EventCountry "MNE"]
[SourceTitle "playchess.com"]
[Source "ChessBase"]
[SourceQuality "1"]
[WhiteTeam "Georgia"]
[BlackTeam "Czech Republic"]
[WhiteTeamCountry "GEO"]
[BlackTeamCountry "CZE"]
[TimeControl "40/5400+30:1800+30"]

1. d4 d5 2. Bg5 Nf6 3. e3 Bf5 4. Bxf6 exf6 5. Nd2 c6 6. g3 {[%emt 0:00:41] D00: 1 d4 d5: Unusual lines.} Nd7 7. Bg2 Bd6 8. Ne2 {[%emt 0:00:45] The position is equal.} h5 9. O-O h4 {[%emt 0:00:28] [#]} 10. c4 $146 ({Predecessor:} 10. e4 dxe4 11. Re1 Kf8 12. Nc3 Qc7 13. Ndxe4 Bb4 14. d5 Ne5 15. dxc6 bxc6 16. Qd4 {0-1 Ruecker,B (1876)-Bogoevski,J (2204) NRW Class1 1011 2010 (5.3)}) 10... hxg3 11. hxg3 dxc4 12. Nxc4 Nb6 13. e4 {[%emt 0:03:54] [#] And now Nxd6+ would win.} Bg4 14. Ne3 Qd7 15. Nxg4 (15. a4 {with more complications.} a5 16. Nxg4 Qxg4 17. Qb3) 15... Qxg4 16. Qc2 O-O 17. f4 Rfd8 18. Bf3 Qe6 19. Kf2 Qc4 20. Rfc1 Qxc2 21. Rxc2 a5 22. Rd1 a4 23. a3 g6 24. Nc1 Bb8 25. Ke3 f5 26. exf5 gxf5 27. Nd3 Nd5+ 28. Bxd5 Rxd5 29. Rc5 Bd6 30. Rxd5 cxd5 $14 {[%emt 0:00:06][%mdl 4096] Endgame KRB-KRN} 31. Ne5 Kg7 32. Rh1 Re8 {[%emt 0:06:19] White must now prevent ...f6.} 33. Kd3 Rg8 {[%emt 0:00:35] [#]} (33... Re6 $11) 34. Nd7 $1 $16 f6 35. Nb6 {[%emt 0:03:31][%csl LRa4,LRd5] White is more active.} Kf7 36. Rh3 ({Worse is} 36. Nxd5 Rxg3+ 37. Kc2 (37. Kc4 Rb3 $11) 37... Ke6 $15) 36... Ke6 37. Nxa4 Rc8 {[%emt 0:00:19] Prevents Nc5+} 38. Rh1 Rg8 39. Rh3 (39. Re1+ $16 Kd7 40. Re3) 39... b5 $2 (39... Rc8 $1 $11 {and Black stays safe.}) 40. Nc5+ $18 Kf7 41. Kc3 Re8 (41... Kg6 $142 42. Kb4 Rb8) 42. Rh7+ {[%emt 0:00:33] White is clearly winning.} Kg6 43. Rd7 Bf8 44. Rxd5 Re3+ 45. Kb4 Rxg3 46. Kxb5 Bh6 47. a4 Bxf4 48. a5 {[%emt 0:00:09] Weighted Error Value: White=0.09 (flawless) /Black=0.37} 1-0

[Event "ETCC Open 2023"]
[Site "Budva"]
[Date "2023.11.14"]
[Round "4.48"]
[White "Vykouk, Jan"]
[Black "Quparadze, Giga"]
[Result "1/2-1/2"]
[ECO "B42"]
[WhiteElo "2488"]
[BlackElo "2490"]
[Annotator "ChessBase"]
[PlyCount "188"]
[EventDate "2023.11.10"]
[EventType "team-tourn"]
[EventCountry "MNE"]
[SourceTitle "playchess.com"]
[Source "ChessBase"]
[SourceQuality "1"]
[WhiteTeam "Czech Republic"]
[BlackTeam "Georgia"]
[WhiteTeamCountry "CZE"]
[BlackTeamCountry "GEO"]
[TimeControl "40/5400+30:1800+30"]

1. e4 c5 2. Nf3 e6 3. d4 cxd4 4. Nxd4 a6 5. Bd3 d5 6. exd5 Qxd5 7. O-O Nd7 8. Be3 Bc5 9. Nc3 Qe5 10. Nf3 Qc7 11. Qe2 Bxe3 12. Qxe3 Ngf6 13. Ne4 b6 14. Rad1 Bb7 15. Rfe1 O-O 16. c3 Rad8 17. Nxf6+ Nxf6 18. Nd4 Rfe8 19. Qg3 Qc5 20. Re5 Rd5 21. Rde1 Red8 22. Bc2 h6 23. h3 Qd6 24. Rxd5 Bxd5 25. Qxd6 Rxd6 26. Bb3 Kf8 27. Kf1 Bb7 28. h4 g6 29. g3 Ke7 30. Ke2 e5 31. Kf1 Ne4 32. Nf3 f6 33. Ke2 Nc5 34. Bc2 g5 35. hxg5 hxg5 36. Ke3 a5 37. Rd1 Bd5 38. b3 b5 39. Nh2 b4 40. cxb4 axb4 41. Ng4 Nb7 42. Nh6 Be6 43. Rh1 Rc6 44. Nf5+ Kd8 45. Bb1 Rc3+ 46. Ke2 Bxf5 47. Bxf5 Nd6 48. Rh8+ Kc7 49. Bg6 Nb5 50. Rf8 Nd4+ 51. Ke1 Rc6 52. Rf7+ Kd8 53. Bd3 e4 54. Bc4 Rd6 55. Rf8+ Kd7 56. Rf7+ Kc6 57. Ra7 f5 58. Ra6+ Kd7 59. Ra7+ Kd8 60. Ra5 Ke7 61. Bd5 Kf6 62. Kf1 Nf3 63. Ke2 Ne5 64. Ke3 Ng4+ 65. Ke2 Rd8 66. f3 exf3+ 67. Bxf3 Re8+ 68. Kf1 Ne5 69. Be2 Rd8 70. Ra6+ Ke7 71. a3 Rc8 72. axb4 Rc3 73. Kf2 Rxb3 74. b5 Nd7 75. Bc4 Rb4 76. Rc6 Kd8 77. Be2 Ke7 78. Bc4 Kd8 79. Be2 Rb2 80. Ke3 f4+ 81. gxf4 gxf4+ 82. Kf2 f3 83. Kxf3 Ne5+ 84. Ke3 Nxc6 85. bxc6 Kc7 86. Bf3 Rb3+ 87. Kf4 Kd6 88. Be4 Rc3 89. Kf5 Rc4 90. Bf3 Rc3 91. Be4 Rc5+ 92. Kf6 Re5 93. Bf5 Rxf5+ 94. Kxf5 Kxc6 1/2-1/2

[Event "ETCC Open 2023"]
[Site "Budva"]
[Date "2023.11.14"]
[Round "4.49"]
[White "Pechac, Jergus"]
[Black "Dragnev, Valentin"]
[Result "1/2-1/2"]
[ECO "D30"]
[WhiteElo "2580"]
[BlackElo "2589"]
[Annotator "TA"]
[PlyCount "61"]
[EventDate "2023.11.10"]
[EventType "team-tourn"]
[EventCountry "MNE"]
[SourceTitle "playchess.com"]
[Source "ChessBase"]
[SourceQuality "1"]
[WhiteTeam "Slovakia"]
[BlackTeam "Austria"]
[WhiteTeamCountry "SVK"]
[BlackTeamCountry "AUT"]
[TimeControl "40/5400+30:1800+30"]

1. g3 d5 2. Nf3 Nf6 3. Bg2 e6 4. O-O Be7 5. c4 O-O 6. b3 c5 7. cxd5 exd5 8. d4 Ne4 {[%emt 0:00:44] D30: Queen's Gambit Declined: Systems without Nc3.} 9. Bb2 Bf6 10. Qc1 cxd4 11. Nxd4 {[%emt 0:01:00] [#]} Re8 $146 ({Predecessor:} 11... Nc6 12. Nxc6 bxc6 13. Bxe4 dxe4 14. Bxf6 Qxf6 15. Nc3 Qe5 16. Qe3 Bf5 17. Rac1 Rfd8 {1-0 Ruiz Castillo,J (2472)-Saksham,R (2210) Voronezh op-A 23rd 2019 (1)}) 12. Nd2 Qb6 13. e3 ({White should play} 13. Nxe4 $14 dxe4 14. Rd1) 13... Na6 $11 14. Nxe4 (14. Ne2 {with more complications.} Nb4 15. Nxe4 dxe4 16. Bxf6 Qxf6 17. Qc4) 14... dxe4 15. Qb1 Nc5 16. Ba3 Bxd4 17. exd4 Nd3 18. Bxe4 $1 {[%emt 0:00:04][%mdl 64] [#] Remove Defender} Rxe4 19. Qxd3 {[%emt 0:00:05] White is weak on the light squares} Qxd4 (19... Rxd4 {looks sharper.} 20. Rfe1 Bh3 21. Qf3 h6) 20. Qxd4 (20. Qxe4 {feels hotter.} Qxe4 21. Rfe1 Qc6 22. Rac1) 20... Rxd4 21. Rad1 Rxd1 22. Rxd1 {[%emt 0:00:04][%cal Rd1d8][%mdl 4096] [#] Endgame KRB-KRB} Bh3 23. Be7 f6 24. Rd8+ Rxd8 25. Bxd8 {[%emt 0:00:10] KB-KB} Kf7 26. f3 Ke6 27. Kf2 {[%emt 0:00:17] The position is equal.} h5 (27... b6 $5 28. Bc7 $8 Bf5 $11) 28. Ba5 Bf5 29. Ke3 Bb1 30. Kd2 $1 b6 ({Don't do} 30... Bxa2 31. Kc2 $16) 31. Bc3 {[%emt 0:00:15] Weighted Error Value: White=0.10 (very precise) /Black=0.06 (flawless)} 1/2-1/2

[Event "ETCC Open 2023"]
[Site "Budva"]
[Date "2023.11.14"]
[Round "4.50"]
[White "Ragger, Markus"]
[Black "Gazik, Viktor"]
[Result "0-1"]
[ECO "E16"]
[WhiteElo "2615"]
[BlackElo "2547"]
[Annotator "ChessBase"]
[PlyCount "90"]
[EventDate "2023.11.10"]
[EventType "team-tourn"]
[EventCountry "MNE"]
[SourceTitle "playchess.com"]
[Source "ChessBase"]
[SourceQuality "1"]
[WhiteTeam "Austria"]
[BlackTeam "Slovakia"]
[WhiteTeamCountry "AUT"]
[BlackTeamCountry "SVK"]
[TimeControl "40/5400+30:1800+30"]

1. Nf3 Nf6 2. c4 e6 3. g3 b6 4. Bg2 Bb7 5. d4 Bb4+ 6. Bd2 c5 7. Bxb4 cxb4 8. O-O a5 9. a3 Na6 10. Nbd2 O-O 11. Qb3 d6 12. Rfd1 Qe7 13. Ne1 Bxg2 14. Kxg2 e5 15. Nc2 exd4 16. Nxd4 Rac8 17. Qf3 bxa3 18. Rxa3 Qe5 19. Nc6 Qe8 20. Na7 Ra8 21. Nb5 Qe5 22. Nf1 Rad8 23. Nd4 Nb4 24. Re3 Qc5 25. Nf5 Qxc4 26. Rd4 Qc5 27. Qf4 Kh8 28. Qg5 Rg8 29. Rc3 h6 30. Nxh6 Qxd4 31. Nxf7+ Kh7 32. Qf5+ g6 33. Ng5+ Kh6 34. Qh3+ Nh5 35. Nf7+ Kg7 36. Nxd8 Rxd8 37. Ne3 Nd5 38. Nf5+ gxf5 39. Qxh5 Nxc3 40. Qg5+ Kf7 41. Qxd8 Nd5 42. h4 Nf6 43. b3 Qe4+ 44. Kg1 Qb1+ 45. Kg2 Qxb3 0-1

[Event "ETCC Open 2023"]
[Site "Budva"]
[Date "2023.11.14"]
[Round "4.51"]
[White "Sahidi, Samir"]
[Black "Horvath, Dominik"]
[Result "1-0"]
[ECO "C65"]
[WhiteElo "2464"]
[BlackElo "2549"]
[Annotator "ChessBase"]
[PlyCount "125"]
[EventDate "2023.11.10"]
[EventType "team-tourn"]
[EventCountry "MNE"]
[SourceTitle "playchess.com"]
[Source "ChessBase"]
[SourceQuality "1"]
[WhiteTeam "Slovakia"]
[BlackTeam "Austria"]
[WhiteTeamCountry "SVK"]
[BlackTeamCountry "AUT"]
[TimeControl "40/5400+30:1800+30"]

1. e4 e5 2. Nf3 Nc6 3. Bb5 Nf6 4. d3 Bc5 5. c3 O-O 6. Nbd2 Re8 7. O-O d5 8. exd5 a6 9. Bxc6 bxc6 10. Ne4 Nxe4 11. dxe4 cxd5 12. Qxd5 Qxd5 13. exd5 a5 14. Be3 Bf8 15. Nd2 Rb8 16. b3 Bf5 17. Rfd1 Bc2 18. Rdc1 Bd3 19. Nc4 Rb5 20. Rd1 e4 21. Nb2 Rxd5 22. Nxd3 exd3 23. Kf1 g6 24. g3 f5 25. Rd2 Bg7 26. Rad1 Bxc3 27. Rxd3 Rxd3 28. Rxd3 Bf6 29. a4 Be7 30. Bd2 Bb4 31. Bxb4 axb4 32. Rd5 c6 33. Rc5 Rc8 34. Ke2 Kf7 35. Re5 Kf6 36. f4 g5 37. Rc5 gxf4 38. gxf4 Ke6 39. Kd3 Kd6 40. Rxf5 Re8 41. Kd4 Re2 42. Rh5 c5+ 43. Kc4 Rc2+ 44. Kb5 Rc3 45. Rh6+ Kd5 46. Rxh7 Rxb3 47. Rd7+ Ke6 48. Rd1 Rc3 49. a5 b3 50. a6 b2 51. Rb1 c4 52. Ka4 Rc1 53. Rxb2 c3 54. Ra2 Rb1 55. a7 c2 56. a8=Q c1=Q 57. Re2+ Kd6 58. Qf8+ Kc6 59. Re6+ Kb7 60. Qf7+ Ka8 61. Re8+ Rb8 62. Qd5+ Ka7 63. Re7+ 1-0

[Event "ETCC Open 2023"]
[Site "Budva"]
[Date "2023.11.14"]
[Round "4.52"]
[White "Baidetskyi, Valentin"]
[Black "Haring, Filip"]
[Result "1/2-1/2"]
[ECO "B13"]
[WhiteElo "2478"]
[BlackElo "2446"]
[Annotator "ChessBase"]
[PlyCount "91"]
[EventDate "2023.11.10"]
[EventType "team-tourn"]
[EventCountry "MNE"]
[SourceTitle "playchess.com"]
[Source "ChessBase"]
[SourceQuality "1"]
[WhiteTeam "Austria"]
[BlackTeam "Slovakia"]
[WhiteTeamCountry "AUT"]
[BlackTeamCountry "SVK"]
[TimeControl "40/5400+30:1800+30"]

1. e4 c6 2. d4 d5 3. exd5 cxd5 4. Bd3 Nc6 5. c3 Nf6 6. Bf4 g6 7. Nf3 Bf5 8. Bxf5 gxf5 9. Nbd2 e6 10. O-O Bd6 11. Bg5 Rg8 12. Qb3 Rb8 13. Rfe1 Be7 14. Bf4 Bd6 15. Bg5 Be7 16. Bxf6 Bxf6 17. Qc2 Kf8 18. Nb3 Be7 19. Nc1 Bd6 20. Nd3 Qf6 21. Nfe5 Kg7 22. f4 Bxe5 23. fxe5 Qg5 24. Qf2 Kh8 25. Re3 Ne7 26. Kh1 Rg6 27. Rg3 Qh4 28. Rxg6 Qxf2 29. Rg8+ Kxg8 30. Nxf2 Nc6 31. g4 Ne7 32. Kg2 Kh8 33. h3 Rg8 34. Kf3 h5 35. Rg1 Kh7 36. Nd3 Kh6 37. Nf4 h4 38. Rg2 Rg5 39. a4 b6 40. b3 a6 41. c4 fxg4+ 42. hxg4 Rg8 43. Rh2 Kg5 44. Nh3+ Kg6 45. Nf4+ Kg5 46. Nh3+ 1/2-1/2

[Event "ETCC Open 2023"]
[Site "Budva"]
[Date "2023.11.14"]
[Round "4.53"]
[White "Bjerre, Jonas Buhl"]
[Black "Dardha, Daniel"]
[Result "1-0"]
[ECO "E21"]
[WhiteElo "2633"]
[BlackElo "2575"]
[Annotator "TA"]
[PlyCount "47"]
[EventDate "2023.11.10"]
[EventType "team-tourn"]
[EventCountry "MNE"]
[SourceTitle "playchess.com"]
[Source "ChessBase"]
[SourceQuality "1"]
[WhiteTeam "Denmark"]
[BlackTeam "Belgium"]
[WhiteTeamCountry "DEN"]
[BlackTeamCountry "BEL"]
[TimeControl "40/5400+30:1800+30"]

1. d4 Nf6 2. c4 e6 3. Nc3 Bb4 4. Nf3 O-O 5. Bg5 h6 6. Bh4 c5 {[%emt 0:02:06] 6...c5 scores better than 6...d5.} 7. e3 d6 {[%emt 0:12:13] E21: Nimzo-Indian: 4 Nf3.} 8. Qc2 Nc6 {[%emt 0:07:16] [#]} 9. d5 $146 ({Predecessor:} 9. Be2 e5 10. dxe5 dxe5 11. O-O Bxc3 12. Qxc3 g5 13. Bg3 Ne4 14. Qa3 Qe7 15. Rfe1 {½-½ Ni,V (2120)-Padurariu,I (2242) EU-ch (Women) 9th 2008 (7)}) 9... exd5 {[%emt 0:08:18] The position is equal.} 10. cxd5 g5 11. Bg3 ({White should play} 11. Bxg5 $14 hxg5 12. dxc6) 11... Nxd5 (11... Ne7 {simplifies} 12. e4 Ng6 13. Nd2 a6) 12. Bc4 Be6 13. Bxd5 Bxd5 14. Rd1 Bxf3 (14... Bxa2 $2 15. Rxd6 Qb6 16. O-O (16. Rxh6 Bb1 $18) 16... Bxc3 17. Rxh6 $18 (17. Qxc3 Rfd8 $16)) 15. gxf3 Qf6 16. Rxd6 (16. Ke2 {seems wilder.} Ne5 17. Bxe5 dxe5 18. Nd5) 16... Bxc3+ (16... Qxf3 $11 {keeps the balance.} 17. Rg6+ fxg6 18. Qxg6+ Kh8 19. Qxh6+ Kg8 20. Qg6+ Kh8 21. Qh6+ Kg8 22. Qg6+ Kh8 23. Qh6+) 17. bxc3 $16 Qxf3 {[%emt 0:18:25] [#] Black cannot hold the game after this.} (17... Qg7 $16 {might work better.}) 18. Rxh6 $1 $18 Rfd8 (18... Qxh1+ $2 19. Ke2 f5 20. Qb3+ c4 21. Qxc4+ Kg7 22. Qe6 $18) 19. Rg1 Rd5 $2 (19... Kg7 20. Qh7+ (20. Rh3 Kf6 $11) 20... Kf8 21. Bd6+ {[%mdl 64] Discovered Attack} Rxd6 {[%mdl 64] Remove Defender} 22. Rxd6 Ke7) 20. Bd6 {[%emt 0:03:10][%csl Gh6][%cal Rc2h7,Bg3d6,Bd6f4,Bf4d6][%mdl 32] White is clearly winning.} f5 (20... Rxd6 $142 21. Rxg5+ Kf8 22. Rxd6 Re8) 21. Rxg5+ Kf7 22. Bf4 Rg8 23. Rh7+ (23. Qb3 $2 Rxg5 24. Bxg5 Na5 $19) 23... Kf8 {[%emt 0:00:07] [#]} 24. Bd6+ $1 {[%emt 0:01:23][%mdl 576] Deflection. Beautiful play by Bjerre!   Weighted Error Value: White=0.10 (very precise) /Black=0.61} 1-0

[Event "ETCC Open 2023"]
[Site "Budva"]
[Date "2023.11.14"]
[Round "4.54"]
[White "Glek, Igor"]
[Black "Thybo, Jesper Sondergaard"]
[Result "1/2-1/2"]
[ECO "B31"]
[WhiteElo "2435"]
[BlackElo "2522"]
[Annotator "ChessBase"]
[PlyCount "100"]
[EventDate "2023.11.10"]
[EventType "team-tourn"]
[EventCountry "MNE"]
[SourceTitle "playchess.com"]
[Source "ChessBase"]
[SourceQuality "1"]
[WhiteTeam "Belgium"]
[BlackTeam "Denmark"]
[WhiteTeamCountry "BEL"]
[BlackTeamCountry "DEN"]
[TimeControl "40/5400+30:1800+30"]

1. e4 c5 2. Nf3 Nc6 3. Bb5 g6 4. O-O Bg7 5. c3 Nf6 6. Re1 O-O 7. d4 d5 8. e5 Ne4 9. Be3 cxd4 10. cxd4 Qb6 11. Bxc6 Qxc6 12. Ng5 Nxg5 13. Bxg5 f6 14. exf6 exf6 15. Bf4 g5 16. Bg3 Be6 17. Nc3 Rfe8 18. h4 h6 19. hxg5 hxg5 20. Qd2 Qd7 21. Re2 Bf7 22. Rae1 Rxe2 23. Rxe2 Rc8 24. Qd3 Rc4 25. b3 Rc6 26. Re1 Bf8 27. Ne2 Qc8 28. f4 Qg4 29. fxg5 fxg5 30. Rc1 Bg6 31. Qe3 Rxc1+ 32. Nxc1 Bg7 33. Ne2 Bh5 34. Kf1 Kf7 35. Bf2 Bf6 36. Nc3 Qf5 37. Kg1 Qe6 38. Qxe6+ Kxe6 39. Be3 Bf7 40. g4 Bg6 41. Kf2 Bd3 42. b4 Be7 43. a3 Bc4 44. Ne2 a5 45. bxa5 Kd7 46. Bc1 Bb3 47. Ng1 Bd1 48. Nf3 Bf6 49. Bxg5 Bxf3 50. Bxf6 Bxg4 1/2-1/2

[Event "ETCC Open 2023"]
[Site "Budva"]
[Date "2023.11.14"]
[Round "4.55"]
[White "Ochsner, Bjorn Moller"]
[Black "Beukema, Jasper"]
[Result "1/2-1/2"]
[ECO "C76"]
[WhiteElo "2534"]
[BlackElo "2357"]
[Annotator "RC"]
[PlyCount "61"]
[EventDate "2023.11.10"]
[EventType "team-tourn"]
[EventCountry "MNE"]
[SourceTitle "playchess.com"]
[Source "ChessBase"]
[SourceQuality "1"]
[WhiteTeam "Denmark"]
[BlackTeam "Belgium"]
[WhiteTeamCountry "DEN"]
[BlackTeamCountry "BEL"]
[TimeControl "40/5400+30:1800+30"]

1. e4 e5 2. Nf3 Nc6 3. Bb5 g6 4. c3 a6 5. Ba4 d6 6. d4 Bd7 7. O-O Bg7 8. Re1 Nge7 9. h3 O-O 10. Be3 h6 11. Bb3 Kh7 12. dxe5 Nxe5 13. Nbd2 Nxf3+ 14. Nxf3 Nc6 15. a4 Qe7 16. a5 Ne5 17. Nxe5 Bxe5 18. Bd5 Qh4 19. Bd4 c6 20. Bc4 Rad8 21. Bxe5 dxe5 22. Qe2 Qe7 23. Qe3 Be6 24. Bxe6 Qxe6 25. Qb6 Qe7 26. Rad1 Rd7 27. Rxd7 Qxd7 28. Qc5 Re8 29. b4 Kg7 30. Re3 Re6 31. Kh2 1/2-1/2